[Event "Titled Tuesday Blitz December 27 Late 2022"]
[White "Novikova, Galina"]
[Black "Dias, Joao Batista"]
[WhiteFideId "4157095"]
[BlackFideId "2108240"]
[WhiteElo "2073"]
[BlackElo "1796"]
[Result "1-0"]
[Round "02"]
[TimeControl "180+2"]
[Date "2022.12.27"]
[WhiteClock "0:00:12"]
[BlackClock "0:00:04"]

1. d4 d5 2. Nc3 c6 3. Bf4 Nf6 4. e3 g6 5. h4 h5 6. Qd2 Bg7 7. f3 b5 8. O-O-O a5 9. Kb1 a4 10. Nce2 Nbd7 11. Nh3 Nb6 12. Nc1 Nc4 13. Bxc4 bxc4 14. Nf2 a3 15. b3 Qb6 16. e4 e6 17. Be5 Rg8 18. Rhe1 Ba6 19. g4 Rd8 20. g5 Nd7 21. Bxg7 Rxg7 22. f4 Kf8 23. f5 Rg8 24. fxe6 fxe6 25. Nh3 Kg7 26. Nf4 Rde8 27. Re3 Rgf8 28. Nce2 cxb3 29. cxb3 Bxe2 30. Rxe2 Qc7 31. Nd3 c5 32. Rc1 dxe4 33. Rxe4 Qb7 34. Re2 cxd4 35. Nc5 Nxc5 36. Qxd4+ e5 37. Qxc5 Rf7 38. Rxe5 Rxe5 39. Qxe5+ Kh7 40. Qc3 Qe4+ 41. Qc2 Qxh4 42. Qc4 Qf2 43. Qc2 Qf5 44. Qxf5 Rxf5 45. Rg1 Kg8 46. Kc2 Kf7 47. Kc3 Ke6 48. b4 Kd5 49. Kb3 Rf3+ 50. Ka4 Kc6 51. Ka5 Kb7 52. b5 Rf5 53. Ka4 h4 54. Ka5 h3 55. Rh1 Rxg5 56. Rxh3 Rh5 57. Rf3 g5 58. Rf7+ Kb8 59. Rg7 Rh2 60. Kb6 Rh6+ 61. Ka5 Rh2 62. b6 Rxa2 63. Ka6 Kc8 64. Rg8+ Kd7 65. Rxg5 Rb2 66. Ra5 a2 67. Ka7 Kc6 68. Ra6 Rxb6 69. Rxb6+ Kc5 70. Ra6 Kb4 71. Rxa2 Kb3 72. Rg2 1-0


[Site "https://www.chess.com"]

[Event "Titled Tuesday Blitz December 27 Late 2022"]
[White "Omariev, Maksim"]
[Black "Lutz, Igor Oscar"]
[WhiteFideId "4193423"]
[BlackFideId "2110806"]
[WhiteElo "2304"]
[BlackElo "1969"]
[Result "1-0"]
[Round "02"]
[TimeControl "180+2"]
[Date "2022.12.27"]
[WhiteClock "0:01:58"]
[BlackClock "0:00:13"]

1. g4 d6 2. Bg2 e5 3. h3 Nc6 4. c4 f5 5. Nc3 fxg4 6. hxg4 Bxg4 7. Qb3 Qc8 8. e3 Nf6 9. Nge2 Be7 10. d4 exd4 11. exd4 O-O 12. Be3 Bxe2 13. Nxe2 Ng4 14. Bh3 Na5 15. Qd3 Qe6 16. d5 Qd7 17. Qxh7+ Kxh7 18. Bxg4+ Kg6 19. Bxd7 Nxc4 20. Nf4+ Kf7 21. O-O-O Bf6 22. Be6+ Ke7 23. Ng6+ 1-0


[Site "https://www.chess.com"]

[Event "Titled Tuesday Blitz December 27 Late 2022"]
[White "Oparin, Grigoriy"]
[Black "Andreev, Eduard"]
[WhiteFideId "24125890"]
[BlackFideId "14103400"]
[WhiteElo "2667"]
[BlackElo "2413"]
[Result "1-0"]
[Round "02"]
[TimeControl "180+2"]
[Date "2022.12.27"]
[WhiteClock "0:00:15"]
[BlackClock "0:00:05"]

1. e4 c6 2. Nc3 d5 3. Nf3 dxe4 4. Nxe4 Nf6 5. Qe2 Nxe4 6. Qxe4 Nd7 7. d4 Nf6 8. Qf4 e6 9. Bd3 c5 10. O-O Bd7 11. Ne5 Bd6 12. dxc5 Bxc5 13. Nxd7 Qxd7 14. Qg5 Qe7 15. Bb5+ Kf8 16. Qg3 h6 17. Qh3 a6 18. Bd3 Rd8 19. Bd2 Bd4 20. c3 Ba7 21. Rad1 Kg8 22. Bc1 Nd5 23. Qf3 g6 24. Be4 Kg7 25. Bxd5 exd5 26. Rxd5 Rxd5 27. Qxd5 Rd8 28. Qf3 Qe6 29. Qxb7 Rd7 30. Qf3 Qxa2 31. g4 Qe6 32. h3 Rd5 33. Kg2 h5 34. Rd1 Rxd1 35. Qxd1 hxg4 36. hxg4 Qc4 37. Qf3 a5 38. Bg5 Qe6 39. c4 Bc5 40. b3 Bd4 41. Bd2 Qb6 42. Bf4 Bf6 43. Be3 Qxb3 44. Bh6+ Kxh6 45. Qxb3 Bg5 46. c5 f5 47. c6 fxg4 48. Qc4 Kh5 49. c7 g3 50. c8=Q gxf2 51. Qh3+ Bh4 52. Qcxh4# 1-0


[Site "https://www.chess.com"]

[Event "Titled Tuesday Blitz December 27 Late 2022"]
[White "Oro, Faustino"]
[Black "Martinez Alcantara, Jose Eduardo"]
[WhiteFideId "20000197"]
[BlackFideId "3805662"]
[WhiteElo "2269"]
[BlackElo "2619"]
[Result "0-1"]
[Round "02"]
[TimeControl "180+2"]
[Date "2022.12.27"]
[WhiteClock "0:00:08"]
[BlackClock "0:00:40"]

1. e4 Nc6 2. Nf3 d6 3. d4 Nf6 4. Nc3 g6 5. h3 Bg7 6. Be3 O-O 7. Qd2 a6 8. Bd3 b5 9. O-O Bb7 10. Ne2 e5 11. Ng3 exd4 12. Nxd4 Ne5 13. f4 Nc4 14. Bxc4 bxc4 15. e5 Nd5 16. e6 f5 17. Bf2 Qf6 18. Rae1 Rae8 19. Kh2 c5 20. Nf3 Rxe6 21. Rxe6 Qxe6 22. Re1 Qd7 23. c3 Re8 24. Rd1 Bh6 25. Ng5 Bxg5 26. fxg5 f4 27. Nf1 Qf5 28. Bh4 Re6 29. Re1 Re5 30. b3 cxb3 31. axb3 Qe6 32. Rxe5 Qxe5 33. c4 Ne3 34. Qe1 Nxg2 35. Qxe5 dxe5 36. Bf2 Kf7 37. Bxc5 Nh4 38. Kg1 Ke6 39. Kf2 Nf3 40. b4 Nxg5 41. h4 Ne4+ 42. Ke1 Nxc5 43. bxc5 e4 44. Kd2 Ke5 45. Kc3 e3 46. Kd3 Bf3 47. Nh2 Be4+ 48. Kc3 Kf5 49. Nf1 e2 0-1


[Site "https://www.chess.com"]

[Event "Titled Tuesday Blitz December 27 Late 2022"]
[White "Orzech, Dominik"]
[Black "Darini, Pouria"]
[WhiteFideId "1115065"]
[BlackFideId "12502200"]
[WhiteElo "2308"]
[BlackElo "2401"]
[Result "0-1"]
[Round "02"]
[TimeControl "180+2"]
[Date "2022.12.27"]
[WhiteClock "0:00:48"]
[BlackClock "0:00:39"]

1. Nf3 Nf6 2. c4 c5 3. Nc3 Nc6 4. g3 d5 5. cxd5 Nxd5 6. Bg2 Nc7 7. O-O e5 8. Ne1 Be7 9. b3 Be6 10. Bb2 Qd7 11. Nd3 Bh3 12. f4 Bxg2 13. Kxg2 exf4 14. Nxf4 O-O-O 15. d3 h5 16. h3 g5 17. Ne4 gxf4 18. Bxh8 Rxh8 19. Rxf4 Nd5 20. Rf3 Nd4 21. Qc1 Nxf3 22. exf3 Kb8 23. Nxc5 Bxc5 24. Qxc5 Rc8 25. Qd4 Rc2+ 26. Kg1 Qe6 27. g4 hxg4 28. hxg4 Qd6 29. Kf1 Qh2 30. Qh8+ Qxh8 31. Kg1 Qh2+ 32. Kf1 Qf2# 0-1


[Site "https://www.chess.com"]

[Event "Titled Tuesday Blitz December 27 Late 2022"]
[White "Ozdemir, Serhan Berat"]
[Black "Bryakin, Mikhail"]
[WhiteFideId "6374611"]
[BlackFideId "4165314"]
[WhiteElo "2223"]
[BlackElo "2455"]
[Result "0-1"]
[Round "02"]
[TimeControl "180+2"]
[Date "2022.12.27"]
[WhiteClock "0:00:01"]
[BlackClock "0:01:51"]

1. e4 d5 2. exd5 Qxd5 3. Nc3 Qe5+ 4. Be2 Bg4 5. d4 Bxe2 6. Ngxe2 Qa5 7. Bd2 Nc6 8. d5 Ne5 9. a4 Nc4 10. Nb5 Nxd2 11. Qxd2 Qxd2+ 12. Kxd2 Kd7 13. c4 Nf6 14. Kc2 a6 15. Nbc3 c6 16. dxc6+ bxc6 17. Rhd1+ Kc7 18. Rd2 e6 19. Rad1 Bb4 20. f3 Rab8 21. b3 a5 22. g4 h6 23. Ng3 Rhd8 24. Rxd8 Rxd8 25. Rxd8 Kxd8 26. Nce4 Nd7 27. f4 g6 28. g5 h5 29. h4 Ke7 30. Ne2 e5 31. fxe5 Ke6 32. Nf6 Nxe5 33. Nf4+ Kf5 34. Nd3 Nxd3 35. Kxd3 Be1 36. c5 Bxh4 37. b4 axb4 38. Kc4 Bxg5 39. Ne8 Bd8 40. Nd6+ Kf4 41. Nxf7 Bc7 42. Nd6 h4 0-1


[Site "https://www.chess.com"]

[Event "Titled Tuesday Blitz December 27 Late 2022"]
[White "Pakleza, Zbigniew"]
[Black "Gascon Del Nogal, Jose Rafael"]
[WhiteFideId "1119290"]
[BlackFideId "3902463"]
[WhiteElo "2494"]
[BlackElo "2459"]
[Result "1-0"]
[Round "02"]
[TimeControl "180+2"]
[Date "2022.12.27"]
[WhiteClock "0:00:07"]
[BlackClock "0:00:15"]

1. d4 Nf6 2. Nf3 g6 3. Bf4 Bg7 4. e3 O-O 5. Be2 d6 6. h3 c5 7. c3 b6 8. O-O Bb7 9. a4 a6 10. Nbd2 cxd4 11. cxd4 Nc6 12. Nc4 Nd5 13. Bg3 Na5 14. Rc1 Nxc4 15. Bxc4 Qd7 16. Qb3 e6 17. e4 Nf6 18. e5 Nh5 19. Bh2 Bxf3 20. Qxf3 d5 21. Bb3 Bh6 22. Rc3 Rac8 23. g4 Ng7 24. h4 Bd2 25. Rd3 Bb4 26. h5 Be7 27. Kg2 f5 28. exf6 Bxf6 29. hxg6 hxg6 30. Qe2 Be7 31. Re3 Bd6 32. Be5 Bxe5 33. Rxe5 Rf4 34. f3 Rxd4 35. Rh1 Qd6 36. Re3 Qf4 37. Qf2 Rf8 38. Ba2 Rxa4 39. Bb1 Rb4 40. Bxg6 Rf6 41. Bh7+ Kf8 42. Re2 Qd4 43. Qh4 Rxb2 44. Re1 Qc3 45. Qg3 Rxe2+ 46. Rxe2 Qc8 47. g5 Rf7 48. Rc2 Qd8 49. g6 Rf6 50. Qe5 Ne8 51. f4 Kg7 52. f5 exf5 53. Rc6 Kh6 54. Rc3 Kg7 55. Rh3 Qd6 56. Qd4 Qe7 57. Re3 Qc5 58. Qxc5 bxc5 59. Rxe8 Rd6 60. Re7+ Kh6 61. Ra7 d4 62. Kf2 d3 63. Ke1 c4 64. Rc7 f4 65. Rxc4 d2+ 66. Kd1 f3 67. Rf4 Rd3 68. Rf7 a5 69. Rf4 a4 70. Rxa4 f2 71. Rf4 Rd5 72. Rxf2 Kg7 73. Rf7+ Kh6 74. Rf2 Kg7 75. Rxd2 Rxd2+ 76. Kxd2 Kh8 77. Ke3 Kg7 78. Kf4 Kh8 79. Kg5 Kg7 80. Kf5 Kh8 81. Kf4 Kg7 82. Kg4 Kh8 83. Kh4 Kg7 84. Kh5 Kh8 85. Bg8 Kg7 86. Bf7 Kh8 87. Kg5 Kg7 88. Be6 Kh8 89. Bg4 Kg7 90. Kf5 Kh8 91. Kf6 Kg8 92. Be6+ 1-0


[Site "https://www.chess.com"]

[Event "Titled Tuesday Blitz December 27 Late 2022"]
[White "Pershin, Denis"]
[Black "Gerbelli Neto, Eduardo"]
[WhiteFideId "24165506"]
[BlackFideId "2103281"]
[WhiteElo "2366"]
[BlackElo "2114"]
[Result "1/2-1/2"]
[Round "02"]
[TimeControl "180+2"]
[Date "2022.12.27"]
[WhiteClock "0:00:03"]
[BlackClock "0:00:02"]

1. e4 e5 2. Nf3 Nc6 3. Bc4 Nf6 4. d3 Bc5 5. h3 d6 6. c3 a5 7. a4 O-O 8. O-O Be6 9. Nbd2 Qe7 10. Qb3 Rab8 11. Rd1 h6 12. Nf1 Rfd8 13. Ne3 Bxc4 14. Qxc4 Bb6 15. Qb3 Bxe3 16. Bxe3 b6 17. Qc4 Qd7 18. b4 axb4 19. cxb4 d5 20. exd5 Qxd5 21. b5 Qxc4 22. dxc4 e4 23. Nd4 Nxd4 24. Bxd4 Nd7 25. Be3 Ne5 26. c5 Nd3 27. cxb6 cxb6 28. Ra2 Rd5 29. Rc2 f5 30. Rc6 Ra8 31. Ra1 Rxb5 32. Rxb6 Rba5 33. Rab1 Rxa4 34. Rb7 Ra1 35. Rxa1 Rxa1+ 36. Kh2 Ra2 37. Bd4 g5 38. Rg7+ Kf8 39. Rg6 Nxf2 40. Rf6+ Ke7 41. Rxf5 Nd3 42. Rd5 Nf4 43. Bc5+ Ke6 44. Rd6+ Ke5 45. Rxh6 Rxg2+ 46. Kh1 Rc2 47. Bd6+ Kf5 48. Rh8 e3 49. Re8 e2 50. Bb4 Nd3 51. Ba5 Rc1+ 52. Kg2 e1=Q 53. Bxe1 Rxe1 54. Rd8 Re2+ 55. Kg3 Re3+ 56. Kh2 Nf4 57. Rf8+ Ke4 58. Rh8 Kf3 59. Rg8 Re2+ 60. Kh1 Nxh3 61. Rf8+ Kg3 62. Rf3+ Kg4 63. Rg3+ Kh4 64. Rg4+ Kh5 65. Rh4+ Kxh4 1/2-1/2


[Site "https://www.chess.com"]

[Event "Titled Tuesday Blitz December 27 Late 2022"]
[White "Petrovic, Aleksa"]
[Black "Antonova, Nadezhda"]
[WhiteFideId "967629"]
[BlackFideId "14700182"]
[WhiteElo "2332"]
[BlackElo "1945"]
[Result "1-0"]
[Round "02"]
[TimeControl "180+2"]
[Date "2022.12.27"]
[WhiteClock "0:01:41"]
[BlackClock "0:00:11"]

1. d4 Nf6 2. c4 g6 3. Nc3 Bg7 4. e4 d6 5. Be2 O-O 6. Nf3 e5 7. O-O Nc6 8. d5 Ne7 9. b4 c6 10. a4 cxd5 11. cxd5 a5 12. b5 b6 13. Nd2 Nd7 14. Nc4 Nc5 15. Be3 f5 16. Bxc5 bxc5 17. Qd2 Kh8 18. b6 Ba6 19. Rab1 fxe4 20. Nxe4 Bxc4 21. Bxc4 Nf5 22. b7 Rb8 23. Qb2 Nd4 24. Qb6 Bh6 25. Nxd6 Bf4 26. Qxd8 Rfxd8 27. Nf7+ 1-0


[Site "https://www.chess.com"]

[Event "Titled Tuesday Blitz December 27 Late 2022"]
[White "Phillips, Rene"]
[Black "Papayan, Oleg"]
[WhiteFideId "2056275"]
[BlackFideId "4193911"]
[WhiteElo "1852"]
[BlackElo "2253"]
[Result "0-1"]
[Round "02"]
[TimeControl "180+2"]
[Date "2022.12.27"]
[WhiteClock "0:01:43"]
[BlackClock "0:01:32"]

1. Nf3 Nf6 2. d4 d5 3. Bf4 c5 4. e3 Nc6 5. Nbd2 Qb6 6. dxc5 Qxb2 7. c4 Nb4 8. Nd4 e5 9. Bxe5 Bxc5 10. a3 Bxd4 11. Bxd4 Nc2+ 12. Qxc2 Qxc2 13. cxd5 O-O 14. Bc4 Ne4 0-1


[Site "https://www.chess.com"]

[Event "Titled Tuesday Blitz December 27 Late 2022"]
[White "Poltorak, Sebastian"]
[Black "Kazakouski, Valery"]
[WhiteFideId "1199498"]
[BlackFideId "13507443"]
[WhiteElo "2354"]
[BlackElo "2539"]
[Result "0-1"]
[Round "02"]
[TimeControl "180+2"]
[Date "2022.12.27"]
[WhiteClock "0:00:01"]
[BlackClock "0:00:11"]

1. d4 Nf6 2. c4 e6 3. Nc3 Bb4 4. Nf3 b6 5. Qb3 a5 6. a3 Bxc3+ 7. Qxc3 a4 8. g3 Bb7 9. Bg2 d6 10. O-O Nbd7 11. Nd2 Bxg2 12. Kxg2 d5 13. e3 O-O 14. Rd1 Qb8 15. cxd5 exd5 16. Nf3 Re8 17. Bd2 Qb7 18. Rac1 c5 19. Qd3 c4 20. Qc2 h6 21. Bb4 Re6 22. Nd2 b5 23. Re1 Rae8 24. Re2 Ne4 25. Rce1 f5 26. f3 Nxd2 27. Bxd2 g6 28. Kh1 Nf6 29. Rg1 Kh7 30. Reg2 Qf7 31. h3 h5 32. Qc3 Qd7 33. Qc1 Kg8 34. Qd1 Kf7 35. Rh2 Rg8 36. Rf1 Ke8 37. Qc2 Qh7 38. Qc3 g5 39. Qa5 Qd7 40. Qa8+ Kf7 41. Qa5 Kg6 42. Qc3 g4 43. hxg4 hxg4 44. e4 fxe4 45. Rh6+ Kg7 46. fxg4 Nxg4 47. Rh4 Rh8 48. Qc1 e3 49. Bc3 Rxh4+ 50. gxh4 Rh6 51. Qe1 Qe7 52. Qg3 Qxh4+ 53. Qxh4 Rxh4+ 54. Kg2 Kg6 55. Bb4 Nh6 56. Be7 Rxd4 57. Rf6+ Kg7 58. Rb6 Rd2+ 59. Kf3 Nf5 60. Bf6+ Kf7 61. Bc3 Rf2+ 62. Kg4 d4 63. Bb4 e2 64. Rb7+ Ke6 65. Rb8 Ne3+ 66. Kg3 Rf1 67. Re8+ Kd7 68. Re7+ Kd8 69. Re4 Nf5+ 70. Kg2 d3 71. Re5 Kd7 72. Rxb5 Ne3+ 73. Kg3 Nc2 74. Bc3 e1=Q+ 75. Bxe1 Rxe1 76. Kf2 Re2+ 77. Kf3 Kc6 78. Rh5 Nd4+ 79. Kf4 d2 80. Rh6+ Ne6+ 81. Kf3 d1=Q 0-1


[Site "https://www.chess.com"]

[Event "Titled Tuesday Blitz December 27 Late 2022"]
[White "Potapova, Margarita"]
[Black "Balakrishnan, Praveen"]
[WhiteFideId "14126869"]
[BlackFideId "2064871"]
[WhiteElo "2104"]
[BlackElo "2529"]
[Result "0-1"]
[Round "02"]
[TimeControl "180+2"]
[Date "2022.12.27"]
[WhiteClock "0:00:57"]
[BlackClock "0:00:11"]

1. d4 Nf6 2. c4 e6 3. Nf3 d5 4. Nc3 Be7 5. Bf4 O-O 6. e3 b6 7. cxd5 Nxd5 8. Nxd5 Qxd5 9. Bd3 Ba6 10. Bxa6 Nxa6 11. O-O c5 12. dxc5 Qxd1 13. Rfxd1 Nxc5 14. Ne5 Rac8 15. Rac1 f6 16. Nc4 e5 17. Bg3 b5 18. Na5 Nd3 19. Rb1 Rfd8 20. Kf1 Rc2 21. Nb3 Nxb2 22. Rxd8+ Bxd8 23. Na1 Rd2 24. Ke1 Ba5 25. Kf1 Rd1+ 26. Rxd1 Nxd1 27. a3 Bc3 28. Nc2 Nb2 29. Ke2 a5 30. f4 e4 31. Be1 Bxe1 32. Kxe1 Nc4 33. Ke2 Kf7 34. g4 Ke7 35. h4 Kd6 36. g5 Kc5 37. h5 fxg5 38. fxg5 g6 39. h6 Ne5 40. Nd4 Nf7 41. Ne6+ Kc4 42. Kd2 Kb3 43. Nd4+ Kxa3 44. Nxb5+ Kb4 45. Nc3 Nxg5 46. Nd5+ Kb3 47. Kc1 Kc4 48. Nf6 Kd3 49. Ng4 Ke2 50. Kc2 Kf3 51. Ne5+ Kxe3 52. Kc3 Kf4 53. Nc6 Nf7 54. Ne7 Nxh6 55. Nd5+ Kf3 56. Nf6 e3 0-1


[Site "https://www.chess.com"]

[Event "Titled Tuesday Blitz December 27 Late 2022"]
[White "Przybylski, Wojciech"]
[Black "Mesa Cruz, Juan Carlos"]
[WhiteFideId "1117599"]
[BlackFideId "6423400"]
[WhiteElo "2321"]
[BlackElo "2122"]
[Result "1-0"]
[Round "02"]
[TimeControl "180+2"]
[Date "2022.12.27"]
[WhiteClock "0:01:24"]
[BlackClock "0:00:02"]

1. e4 c5 2. Nf3 d6 3. d4 cxd4 4. Nxd4 Nf6 5. Nc3 a6 6. Be3 e5 7. Nb3 Be6 8. f3 Nbd7 9. Qd2 Rc8 10. O-O-O Be7 11. g4 O-O 12. g5 Nh5 13. Rg1 Nb6 14. Nd5 Bxd5 15. exd5 Nc4 16. Bxc4 Rxc4 17. Rg4 Qc7 18. h4 g6 19. Na5 Rxg4 20. fxg4 Ng7 21. Qb4 b5 22. Nc6 f5 23. gxf6 Bxf6 24. h5 gxh5 25. Bh6 1-0


[Site "https://www.chess.com"]

[Event "Titled Tuesday Blitz December 27 Late 2022"]
[White "Ptacnikova, Lenka"]
[Black "Silvestre, Christian"]
[WhiteFideId "305650"]
[BlackFideId "30956269"]
[WhiteElo "2099"]
[BlackElo "1942"]
[Result "0-1"]
[Round "02"]
[TimeControl "180+2"]
[Date "2022.12.27"]
[WhiteClock "0:01:05"]
[BlackClock "0:00:54"]

1. c4 Nf6 2. g3 d6 3. Bg2 e5 4. Nc3 Nc6 5. e4 Bg4 6. f3 Be6 7. d3 Nd4 8. Nge2 c5 9. O-O Be7 10. a3 O-O 11. b4 b6 12. Rb1 Re8 13. f4 Bg4 14. h3 Bxe2 15. Nxe2 Bf8 16. Nxd4 cxd4 17. f5 a5 18. g4 axb4 19. axb4 h6 20. Qf3 Nh7 21. Qg3 Be7 22. f6 Bxf6 23. Rxf6 Qxf6 24. Bd2 Ra2 25. Rf1 Rxd2 26. Rxf6 Nxf6 27. h4 Ra8 28. Kh2 Raa2 29. Kh3 Ra3 30. Bf1 Ra1 31. Qf3 Re1 0-1


[Site "https://www.chess.com"]

[Event "Titled Tuesday Blitz December 27 Late 2022"]
[White "Putnam, Liam"]
[Black "Bilan, Danila"]
[WhiteFideId "30938279"]
[BlackFideId "24161918"]
[WhiteElo "2285"]
[BlackElo "2303"]
[Result "1-0"]
[Round "02"]
[TimeControl "180+2"]
[Date "2022.12.27"]
[WhiteClock "0:01:39"]
[BlackClock "0:00:01"]

1. e4 c6 2. Nc3 d5 3. Qf3 e6 4. d4 dxe4 5. Qxe4 Nf6 6. Qh4 Be7 7. Nf3 Nbd7 8. Bd3 Nd5 9. Qg3 Nxc3 10. bxc3 Bf6 11. Ba3 Qa5 12. Bb4 Qd5 13. c4 Qh5 14. Bd6 b6 15. O-O Bb7 16. a4 c5 17. d5 Bxa1 18. Rxa1 O-O-O 19. a5 exd5 20. axb6 axb6 21. Nh4 g5 22. Nf5 Rhe8 23. Be7 Rxe7 24. Nxe7# 1-0


[Site "https://www.chess.com"]

[Event "Titled Tuesday Blitz December 27 Late 2022"]
[White "Rasulov, Vugar"]
[Black "Martinez Reyes, Pedro Ramon"]
[WhiteFideId "13402390"]
[BlackFideId "3901807"]
[WhiteElo "2523"]
[BlackElo "2376"]
[Result "1-0"]
[Round "02"]
[TimeControl "180+2"]
[Date "2022.12.27"]
[WhiteClock "0:00:21"]
[BlackClock "0:00:02"]

1. Nf3 f5 2. d3 Nc6 3. e4 e5 4. d4 fxe4 5. Nxe5 Nf6 6. Nc3 d6 7. Nxc6 bxc6 8. d5 cxd5 9. Nxd5 Bb7 10. Bc4 c6 11. Nxf6+ Qxf6 12. O-O d5 13. Bb3 Bc5 14. c4 O-O-O 15. Qg4+ Kb8 16. cxd5 cxd5 17. Bg5 Qg6 18. Rad1 Ka8 19. Qg3 Bd6 20. Bf4 Qxg3 21. hxg3 Bxf4 22. gxf4 d4 23. Rfe1 Rhf8 24. g3 h6 25. Be6 Rd6 26. Bh3 g5 27. f5 d3 28. g4 h5 29. gxh5 g4 30. Bg2 Rd4 31. Re3 Rxf5 32. Rg3 Rxh5 33. Rxg4 a5 34. f3 d2 35. fxe4 Rc5 36. Kf2 Rc2 37. Ke3 Rd8 38. Rg5 Rxb2 39. Rxa5+ Kb8 40. Bf1 Rc2 41. Bd3 Rb2 42. a4 Kc7 43. Rb5 Rxb5 44. axb5 Kb6 45. Rxd2 Re8 46. Rf2 Kc5 47. Rf5+ Kb4 48. b6 Re6 49. Rb5+ Kc3 50. e5 Bc6 51. b7 Bxb7 52. Rxb7 Rxe5+ 53. Be4 Rc5 54. Rd7 Rc8 55. Rd1 Rd8 56. Rxd8 1-0


[Site "https://www.chess.com"]

[Event "Titled Tuesday Blitz December 27 Late 2022"]
[White "Remolar Gallen, Jose"]
[Black "Adla, Diego"]
[WhiteFideId "2215187"]
[BlackFideId "100072"]
[WhiteElo "2285"]
[BlackElo "2383"]
[Result "1-0"]
[Round "02"]
[TimeControl "180+2"]
[Date "2022.12.27"]
[WhiteClock "0:00:09"]
[BlackClock "0:00:20"]

1. d4 Nf6 2. c4 e6 3. Nc3 Bb4 4. e3 O-O 5. Ne2 Re8 6. a3 Bf8 7. d5 a5 8. Ng3 Na6 9. Be2 Nc5 10. O-O g6 11. b3 Bg7 12. Bb2 d6 13. Qc2 exd5 14. cxd5 h5 15. b4 axb4 16. axb4 Rxa1 17. Rxa1 Ncd7 18. Nf1 Nb6 19. e4 Nxe4 20. Nxe4 Bxb2 21. Qxb2 Rxe4 22. Ne3 Bd7 23. Ra7 Bc8 24. Bf3 Re8 25. Qd4 Qe7 26. Qc3 f5 27. g3 Qg7 28. Ra3 Qxc3 29. Rxc3 Re7 30. h4 Kg7 31. Nc2 Kf6 32. Nd4 Ke5 33. Re3+ Kf6 34. Rc3 Bd7 35. Rxc7 Ba4 36. Rxe7 Kxe7 37. Kf1 Be8 38. Ne2 Bf7 39. Nf4 Kf6 40. Ke2 Ke5 41. Kd3 Nd7 42. Kc3 b6 43. Kc4 Nf6 44. Kb5 Nd7 45. Kc6 Be8 46. Kc7 Kd4 47. Kd8 Nf6 48. Ke7 Ke5 49. Nd3+ Kd4 50. Nf4 Ke5 51. Nd3+ Kd4 52. Kxf6 Kxd3 53. Ke7 Bb5 54. Kxd6 Kc4 55. Kc7 Kxb4 56. d6 Kc5 57. Be2 Ba4 58. Bd1 Bb5 59. Be2 Be8 60. d7 Bxd7 61. Kxd7 Kd4 62. Ke6 f4 63. Kf6 fxg3 64. fxg3 Ke3 65. Bb5 Kf2 66. Kxg6 Kxg3 67. Kxh5 Kf4 68. Kg6 Ke5 69. h5 Kd6 70. h6 Kc5 71. Be8 b5 72. Bxb5 Kxb5 73. h7 1-0


[Site "https://www.chess.com"]

[Event "Titled Tuesday Blitz December 27 Late 2022"]
[White "Rodriguez Fontecha, Marcos"]
[Black "Perez Ponsa, Federico"]
[WhiteFideId "2256576"]
[BlackFideId "117927"]
[WhiteElo "2309"]
[BlackElo "2532"]
[Result "0-1"]
[Round "02"]
[TimeControl "180+2"]
[Date "2022.12.27"]
[WhiteClock "0:00:07"]
[BlackClock "0:00:19"]

1. Nf3 Nf6 2. g4 Nxg4 3. e4 d5 4. exd5 Qxd5 5. Nc3 Qd8 6. Rg1 c5 7. d4 cxd4 8. Nxd4 Ne5 9. Be3 Nbc6 10. Bb5 Bd7 11. Qe2 a6 12. Bxc6 Nxc6 13. O-O-O Nxd4 14. Bxd4 Qa5 15. Qc4 Be6 16. Qa4+ Qxa4 17. Nxa4 Rd8 18. Nc5 Bc8 19. c3 e5 20. Rde1 f6 21. f4 Kf7 22. fxe5 Bxc5 23. Bxc5 f5 24. Bb6 Rd3 25. Kc2 Rh3 26. Re2 Be6 27. b3 Rc8 28. c4 h6 29. Rg3 Rh4 30. Rd3 g5 31. Rd6 f4 32. Kb2 Re8 33. Rc2 Rh3 34. c5 g4 35. c6 bxc6 36. Rdxc6 g3 37. hxg3 fxg3 38. Rc7+ Re7 39. Rxe7+ Kxe7 40. Rc7+ Bd7 41. Rc3 h5 42. Ka3 h4 43. Kb4 Rh1 44. Ka5 g2 45. Rc4 h3 46. Rh4 h2 47. Rh7+ Ke6 48. Rh6+ Kf5 49. Rh5+ Kg6 0-1


[Site "https://www.chess.com"]

[Event "Titled Tuesday Blitz December 27 Late 2022"]
[White "Ronka, Erik"]
[Black "Zakhartsov, Vladimir"]
[WhiteFideId "505080"]
[BlackFideId "4145097"]
[WhiteElo "2276"]
[BlackElo "2552"]
[Result "0-1"]
[Round "02"]
[TimeControl "180+2"]
[Date "2022.12.27"]
[WhiteClock "0:00:27"]
[BlackClock "0:00:50"]

1. e4 c5 2. Nf3 Nc6 3. d4 cxd4 4. Nxd4 g6 5. Nc3 Bg7 6. Be3 Nf6 7. Bc4 O-O 8. Bb3 Re8 9. h4 e6 10. f3 d5 11. exd5 Nxd5 12. Nxc6 bxc6 13. Bd4 Nxc3 14. bxc3 e5 15. Bc5 Qa5 16. Bb4 Qb6 17. Qe2 a5 18. Ba3 e4 19. O-O-O a4 20. Bc4 Bh6+ 21. Rd2 Rb8 0-1


[Site "https://www.chess.com"]

[Event "Titled Tuesday Blitz December 27 Late 2022"]
[White "Sailer, Mike"]
[Black "Gasparyan, David"]
[WhiteFideId "2012901"]
[BlackFideId "13311980"]
[WhiteElo "2109"]
[BlackElo "2142"]
[Result "0-1"]
[Round "02"]
[TimeControl "180+2"]
[Date "2022.12.27"]
[WhiteClock "0:00:02"]
[BlackClock "0:00:16"]

1. d4 Nf6 2. Bf4 d5 3. e3 Bf5 4. Nc3 a6 5. f3 h5 6. Bd3 Bxd3 7. Qxd3 e6 8. O-O-O Nc6 9. Nge2 Be7 10. e4 Nb4 11. Qd2 b5 12. Kb1 Qd7 13. Rhe1 Nc6 14. exd5 Nxd5 15. Nxd5 Qxd5 16. Bxc7 Rc8 17. Nc3 Qxd4 18. Qxd4 Nxd4 19. Be5 Nf5 20. g4 hxg4 21. fxg4 Nh4 22. Bxg7 Rg8 23. Be5 Nf3 24. Re2 Nxe5 25. Rxe5 Rxg4 26. Re2 Rcc4 27. h3 Rh4 28. Rd3 Bf6 29. Nd1 Kf8 30. Rf3 Bg7 31. Rxe6 Rhd4 32. Re1 Rd2 33. c3 b4 34. Ref1 bxc3 35. Rxf7+ Kg8 36. Nxc3 Rb4 37. Nd1 Rxd1+ 38. Rxd1 Rxb2+ 39. Kc1 Kxf7 40. Rf1+ Ke6 41. Re1+ Kd5 42. Rd1+ Kc4 43. Rd6 Rxa2 44. h4 Bd4 45. h5 Kd3 0-1


[Site "https://www.chess.com"]

[Event "Titled Tuesday Blitz December 27 Late 2022"]
[White "Salman, Pavel"]
[Black "Ardila, Oscar Humberto"]
[WhiteFideId "24153753"]
[BlackFideId "4404742"]
[WhiteElo "2287"]
[BlackElo "1982"]
[Result "1-0"]
[Round "02"]
[TimeControl "180+2"]
[Date "2022.12.27"]
[WhiteClock "0:00:53"]
[BlackClock "0:00:02"]

1. d4 Nf6 2. Bf4 d6 3. Nc3 Nbd7 4. e4 e5 5. Be3 Be7 6. f3 O-O 7. g4 exd4 8. Qxd4 d5 9. O-O-O Bc5 10. Qd2 Bxe3 11. Qxe3 dxe4 12. Nxe4 Nxe4 13. fxe4 Qe7 14. Nf3 Nc5 15. Bd3 Bxg4 16. Rhg1 Bxf3 17. Qxf3 Rad8 18. Kb1 Nxd3 19. cxd3 f6 20. Rg3 Rf7 21. h4 Qe5 22. Rdg1 Kh8 23. h5 c5 24. h6 g6 25. Rc1 f5 26. Rh3 b6 27. a3 Rdf8 28. Qg2 fxe4 29. Qxe4 Qxe4 30. dxe4 Re8 31. Re1 Re5 32. Kc2 Rf4 33. Kd3 Kg8 34. Rhe3 Kf7 35. Kc4 Ke6 36. Kb5 Rh5 37. Ka6 Rxh6 38. Kxa7 b5 39. Kb6 b4 40. a4 g5 41. a5 Ke5+ 42. Kxc5 Rf8 43. Kxb4 Rb8+ 44. Ka4 Rd6 45. b4 Rd4 46. Rb3 g4 47. a6 g3 48. Rg1 Kf4 49. Rgxg3 Rxe4 50. Rh3 Rb6 51. Ka5 Rg6 52. b5 Re1 53. Rh4+ Kg5 54. Ra4 Ree6 55. a7 Rg8 56. Rg3+ 1-0


[Site "https://www.chess.com"]